 Dungeon Crawl Stone Soup version 0.32-a0-818-gb728d0252e (webtiles) character file.

Game seed: 13113898150855490085

301 smashvw the Shooter (level 6, -5/49 HPs)
             Began as a Coglin Hunter on Mar 24, 2024.
             Slain by an ogre
             ... wielding a +0 giant club
              (19 damage)
             ... on level 4 of the Dungeon.
             The game lasted 00:07:06 (2394 turns).

smashvw the Shooter (Coglin Hunter)                 Turns: 2394, Time: 00:07:07

Health: -5/49      AC: 10    Str: 17    XL:     6   Next: 37%
Magic:  6/6        EV:  4    Int:  3    God:
Gold:   185        SH:  0    Dex: 19    Spells: 5/5 levels left

rFire   . . .        m - +6 war axe of Karma {freeze, Str+5 Int-5}
rCold   . . .        h - +8 autumn katana {manifold assault}
rNeg    . . .        o - +0 plate armour
rPois   .            (no helmet)
rElec   .            (no cloak)
rCorr   .            (no gloves)
SInv    .            (no boots)
Will    .....        (amulet unavailable) Stlth
                     (ring unavailable)
HPRegen 0.28/turn    (ring unavailable)
MPRegen 0.10/turn    (no gizmo)

%: no passive effects
@: revving
A: off-hand wielding, slow wielding, warmup strikes, no jewellery
a: Invent Gizmo


You were on level 4 of the Dungeon.
You visited 1 branch of the dungeon, and saw 4 of its levels.

You collected 185 gold pieces.

Inventory:

Hand Weapons
 a - a +2 sling {Januári}
 d - a +0 sling {Eustáquio}
 h - the +8 autumn katana (offhand) {manifold assault}
   (You found it on level 2 of the Dungeon)
 m - the +6 war axe of Karma (weapon) {freeze, Str+5 Int-5}
   (You found it on level 3 of the Dungeon)

   Str+5:     It affects your strength (+5).
   Int-5:     It affects your intelligence (-5).
Armour
 c - a +0 leather armour
 o - a +0 plate armour (worn)
Wands
 l - a wand of iceblast (5)
 n - a wand of polymorph (4)
Scrolls
 b - a scroll of butterflies
 g - a scroll of poison {unknown}
 i - 2 scrolls of identify {unknown}
 j - a scroll of amnesia {unknown}
 k - a scroll of immolation {unknown}
 p - a scroll of blinking {unknown}
 q - a scroll of revelation {unknown}
Potions
 e - 2 potions of might {unknown}
 f - 2 potions of curing {unknown}


   Skills:
 + Level 4.7 Fighting
 - Level 0.6 Long Blades
 - Level 5.2 Ranged Weapons
 + Level 0.8 Armour
 - Level 1.7 Dodging
 - Level 0.7 Stealth


You had 5 spell levels left.
You didn't know any spells.
Your spell library contained the following spells:

 Spells                   Type           Power      Damage    Failure   Level
 Mercury Vapours          Alch/Air       0%         N/A       100%        2
 Mephitic Cloud           Conj/Alch/Air  0%         N/A       100%        3
 Freezing Cloud           Conj/Ice/Air   0%         6-21      100%        5


Dungeon Overview and Level Annotations

Branches:
Dungeon (4/15)
 Temple: D:4-7

Altars:
Uskayaw
Yredelemnul


Innate Abilities, Weirdness & Mutations

You can wield a second weapon in your off-hand.
It takes a long time for you to wield or remove held weapons.
Your first few attacks do less damage.
You cannot equip rings or amulets.


Message History

You feel sick. The adder bites you but does no damage.
You slash the adder with the +8 autumn katana!
You kill the adder!
You feel sick.
No target in view!
No target in view!
You feel sick.
You feel sick.
You are no longer poisoned.
You now have 185 gold pieces (gained 12).
You see here an adder corpse.
Things that are here:
a +0 short sword; 3 stones
q - a scroll labelled NYJUXA HAOPSU You see here an amulet of reflection.
You open the door.
There is an open door here.
A ball python comes into view.
The ball python hisses angrily.
You slash the ball python with the +8 autumn katana!
You kill the ball python!
No target in view!
No target in view!
Found 5 stones.
No target in view!
No target in view!
An ogre comes into view. It is wielding a +0 giant club.
The ogre shouts!
The ogre hits you with a +0 giant club!
You barely miss the ogre with the +6 war axe of Karma.
You slash the ogre with the +8 autumn katana!
The ogre hits you with a +0 giant club!!
* * * LOW HITPOINT WARNING * * *
You are too injured to fight recklessly!
You are too injured to fight recklessly!
You barely miss the ogre with the +8 autumn katana.
The ogre is heavily wounded.
You barely miss the ogre with the +6 war axe of Karma.
The ogre hits you with a +0 giant club!!
You die...

#.....#......
#.....#......
#############...#......
#......#..###...###....
#......#...#......#....
#.(....#...#......'....
#......#...#......#....
#....O.#...#......#....
#.....@#...#......#....
#......#+#..#..##.#....
#.........#######.##+##
#.........# ...
#.........# ..
#.........# #.........#
#.......### #.......#


You could see an ogre.

Vanquished Creatures
  A bombardier beetle (D:4)
  2 orc priests (D:3)
  Terence (D:3)
  Natasha (thrice) (D:3)
  An orc wizard (D:3)
  2 adders
  2 ribbon worms
  An orc (D:3)
  8 ball pythons
  3 bats
  7 endoplasms
  A giant cockroach (D:3)
  10 goblins
  5 hobgoblins
  3 kobolds
  4 quokkas
  5 frilled lizards
  4 rats
63 creatures vanquished.

Notes
Turn   | Place    | Note
-------+----------+-------------------------------------------
     0 | D:1      | smashvw the Coglin Hunter began the quest for the Orb.
     0 | D:1      | Reached XP level 1. HP: 16/16 MP: 1/1
   143 | D:1      | Reached XP level 2. HP: 23/23 MP: 2/2
   238 | D:1      | You fall into a shaft and drop 1 floor!
   344 | D:1      | Reached skill level 4 in Ranged Weapons
   459 | D:2      | Reached XP level 3. HP: 22/28 MP: 3/3
   528 | D:2      | Found the +8 autumn katana {manifold assault}
   885 | D:2      | Found a basalt altar of Yredelemnul.
  1268 | D:3      | Noticed Natasha
  1276 | D:3      | Killed Natasha
  1277 | D:3      | Reached XP level 4. HP: 10/35 MP: 4/4
  1523 | D:3      | Noticed Natasha
  1528 | D:3      | Killed Natasha
  1626 | D:3      | Reached XP level 5. HP: 34/42 MP: 5/5
  1640 | D:3      | Reached skill level 5 in Ranged Weapons
  1647 | D:3      | Identified the +6 war axe of Karma {freeze, Str+5 Int-5}
  1843 | D:3      | Noticed Terence
  1849 | D:3      | Killed Terence
  1850 | D:3      | Reached XP level 6. HP: 40/49 MP: 6/6
  2061 | D:3      | Noticed Natasha
  2062 | D:3      | Killed Natasha
  2309 | D:4      | Found a hide-covered altar of Uskayaw.
  2394 | D:4      | Slain by an ogre

Illustrated notes

Levels and vault maps discovered:
D:1:      psy_arrival_basics, layout_rooms
D:2:      layout_basic, serial_corexii_hall, corexii_hall_statues_t,
          chequers_hall_statues_y, basic_altar, nrook_mini_vaults
D:3:      layout_basic, nicolae_overflow_hidden_temple, kennysheep_minor_cross,
          uniq_natasha, uniq_terence
D:4:      layout_gridville, mainiacjoe_overflow_tiny_flanked

Skill      XL: |  1  2  3  4  5 |
---------------+----------------+-----
Ranged Weapons | 4 5 |  5.2
Fighting       | 3 4 |  4.7
Long Blades    | |  0.6
Armour         | |  0.8
Dodging        | |  1.7
Stealth        | |  0.7

Action                     |  1- 3 |  4- 6 || total
---------------------------+-------+-------++-------
  Melee: War axe           |       |    12 ||    12
         Katana            |       |    11 ||    11
   Fire: Sling             |   152 |    54 ||   206
 Armour: Leather armour    |    18 |     8 ||    26
         Plate armour      |       |    10 ||    10
         Skin              |       |     3 ||     3
  Dodge: Dodged            |    17 |    10 ||    27

Table legend: (Time is in decaauts)
 A = Elapsed time spent in this place.
 B = Non-inter-level travel time spent in this place.
 C = Inter-level travel time spent in this place.
 D = Time resting spent in this place.
 E = Time spent auto-exploring this place.
 F = Levels seen in this place.
 G = Mean time per level.
                   A        B        C        D        E       F      G
               +--------+--------+--------+--------+--------+-----+--------+
         Total |   2434 |   2338 |     96 |    105 |   1852 |   4 |  608.5 |
       Dungeon |   2434 |   2338 |     96 |    105 |   1852 |   4 |  608.5 |
               +--------+--------+--------+--------+--------+-----+--------+

Top non-repeatable levels by time:
     D:3: 853 daAuts
     D:2: 834 daAuts
     D:1: 417 daAuts
     D:4: 329 daAuts
